Pick #1

Connor Bedard
Pick #2

Leo Carlsson
Pick #3

Adam Fantilli
Pick #4

Matvei Michkov
Pick #5

David Reinbacher
Pick #6

William Smith
Pick #7

Zachary Benson
Pick #8

Ryan Leonard
Pick #9

Gabriel Perreault
Pick #10

Axel Sandin-Pellika
Pick #11

Daniil But
Pick #12

Dalibor Dvorsky
Pick #13

Quentin Musty
Pick #14

Brayden Yager
Pick #15

Dmitry Simashev
Pick #16

Colby Barlow
Pick #17

Andrew Cristall
Pick #18

Easton Cowan
Pick #19

Jacob Fowler
Pick #20

Oliver Moore
Pick #21

Oliver Bonk
Pick #22

Tom Willander
Pick #23

Calum Ritchie
Pick #24

Tanner Molendyk
Pick #25

Gavin Brindley
Pick #26

Nate Danielson
Pick #27

Pick #28

Pick #29

Pick #30

Pick #31

Pick #32

Pick #33

Pick #34

Pick #35

Pick #36

Pick #37

Pick #38

Pick #39

Pick #40

Pick #41

Pick #42

Pick #43

Pick #44

Pick #45

Pick #46

Pick #47

Pick #48

Pick #49

Pick #50

Pick #51

Pick #52

Pick #53

Pick #54

Pick #55

Pick #56

Pick #57

Pick #58

Pick #59

Pick #60

Pick #61

Pick #62

Pick #63

Pick #64

Pick #65

Pick #66

Pick #67

Pick #68

Pick #69

Pick #70

Pick #71

Pick #72

Pick #73

Pick #74

Pick #75

Pick #76

Pick #77

Pick #78

Pick #79

Pick #80

Pick #81

Pick #82

Pick #83

Pick #84

Pick #85

Pick #86

Pick #87

Pick #88

Pick #89

Pick #90

Pick #91

Pick #92

Pick #93

Pick #94

Pick #95

Pick #96

Pick #97

Pick #98

Pick #99

Pick #100

Pick #101

Pick #102

Pick #103

Pick #104

Pick #105

Pick #106

Pick #107

Pick #108

Pick #109

Pick #110

Pick #111

Pick #112

Pick #113

Pick #114

Pick #115

Pick #116

Pick #117

Pick #118

Pick #119

Pick #120

Pick #121

Pick #122

Pick #123

Pick #124

Pick #125

Pick #126

Pick #127

Pick #128

Pick #129

Pick #130

Full Scoreboard »»

Canadiens vs Bruins (R4)

Created - January 31, 2024 at 21:40

Goals
1 2 3 T
Canadiens 1 2 0 3
Bruins 0 1 1 2
Shots
1 2 3 T
Canadiens 7 9 3 19
Bruins 6 8 12 26

GoalsPenalties
1st period
1. Canadiens , Ryan O'Reilly 11 (Valeri Nichushkin 21) at 13:27
Brett Pesce (BOS) for High sticking (Minor) at 1:10
Brett Pesce (BOS) for Slashing (Minor) at 19:38
Mark Giordano (BOS) for Roughing (Minor) at 19:43
2nd period
2. Canadiens , Ivan Provorov 4 (Leon Draisaitl 17, Artturi Lehkonen 6) at 0:36 (PP)
3. Canadiens , Filip Forsberg 16 (Ryan O'Reilly 24) at 10:28
4. Bruins , Anze Kopitar 21 (Bryan Rust 23, Yegor Sharangovich 19) at 14:58
No Penalty
3rd period
5. Bruins , Trevor Zegras 13 (Zach Parise 2, Alex Iafallo 12) at 13:42
Alex Goligoski (MTL) for Tripping (Minor) at 5:52
Anze Kopitar (BOS) for Roughing (Minor) at 11:17
Goalie Stats
Kaapo Kahkonen (MTL), 24 saves from 26 shots - (0.923), W, 15-3-8, 60:00 minutes
Jake Allen (BOS), 16 saves from 19 shots - (0.842), L, 7-8-0, 60:00 minutes
3 StarsOfficial
1 - Ryan O'Reilly (MTL)
2 - Filip Forsberg (MTL)
3 - Ivan Provorov (MTL)
Referees : Corey Syvret and Dan O'Halloran
Linesman : Luke Murray and Jaime Alary
Game Note
Adam Pelech is injured at 11:33 of 2nd period (Left Hand)
Ivan Provorov is injured at 14:17 of 2nd period (Sprained Right Finger)
Finance
Level 1 -- Attendance: 6000 (100.00%) -- Ticket Income $708,000
Level 2 -- Attendance: 5000 (100.00%) -- Ticket Income $375,000
Level 3 -- Attendance: 3387 (96.77%) -- Ticket Income $162,576
Level 4 -- Attendance: 2897 (91.10%) -- Ticket Income $86,910
Luxury Box -- Attendance: 1000 (100.00%) -- Ticket Income $211,000
Game was played at the TD Garden.
Total Attendance: 18284 (97.88%)
Total Ticket Income: $1,543,486
Other Income: $385,872
Total Income: $1,929,358



Team Name Goals Shots Shots Attemp Shots Blocked PIM HIT PP PK FO%
Canadiens 3195492221 / 4 (25%)064%
Bruins 22651148250 / 1 (0%)136%

Canadiens
Player Name POS G A P +/- PIM HIT SHT SB MP PP MP PP SHT PK MP PK SHT FO% FOT
Adam PelechD0001020210:120:0000:0000% 0
Alex GoligoskiD0000231121:472:4300:0000% 0
Alexander KerfootC000-1010014:550:3300:36067% 3
Anthony ManthaRW000-1010110:420:0001:1400% 0
Artturi LehkonenLW0110000019:563:0401:0100% 1
Brendan GallagherRW000-100009:230:0000:090100% 1
Brendan GaunceC000-101009:490:0000:35067% 9
Daniel SprongRW0000000012:400:0000:0000% 0
Filip ForsbergLW1011044017:212:5800:0900% 1
Ivan ProvorovD1010021114:302:0210:0000% 0
Jaccob SlavinD0000022127:253:0910:3600% 0
Lars EllerC0000011012:400:0000:00071% 14
Leon DraisaitlC0110010118:293:0400:00063% 16
Ryan O'ReillyC1121014019:512:5801:10061% 28
Ryan SuterD000-1000125:532:4500:5200% 0
Teuvo TeravainenLW0000013018:103:0400:000100% 3
Trevor van RiemsdykD0001010115:500:5200:1900% 0
Valeri NichushkinRW0111013018:272:5821:1500% 1
Bruins
Player Name POS G A P +/- PIM HIT SHT SB MP PP MP PP SHT PK MP PK SHT FO% FOT
Alex IafalloLW0111003120:250:0002:570100% 1
Anze KopitarC1011225119:101:0710:00039% 18
Brady SkjeiD0001062222:491:0911:5800% 0
Brett PesceD000-1400419:020:5002:1700% 0
Bryan RustRW0111023021:521:0702:12050% 2
Cam FowlerD0001010120:170:0000:3500% 0
Charlie CoyleC000-2000115:290:0003:50041% 22
Dmitry KulikovD000000004:240:0000:0000% 0
Jamie OleksiakD0000060112:500:0000:5400% 0
Kailer YamamotoRW000-2002012:020:5200:00025% 4
Mark GiordanoD000-1210019:431:0902:3700% 0
Nick PaulLW000-2023018:390:0002:1200% 0
Nicolas RoyC000000006:090:5200:00033% 6
T.J. BrodieD0000000120:520:5003:4200% 0
Trevor ZegrasC1011024018:351:0700:00030% 20
Tyler BertuzziLW000001005:170:0000:0000% 0
Yegor SharangovichC0111011018:560:5200:0000% 0
Zach PariseLW0111013216:300:0000:00025% 4



Play-by-Play

1st period


0:01 of 1st period - Leon Draisaitl wins face-off versus Anze Kopitar in neutral zone.
0:04 of 1st period - Shot by Teuvo Teravainen.
0:04 of 1st period - Shot Blocked by Cam Fowler.
0:34 of 1st period - Shot by Teuvo Teravainen.
0:34 of 1st period - Shot Misses the Net.
0:43 of 1st period - Leon Draisaitl is hit by Brady Skjei.
0:48 of 1st period - Off-side.
0:49 of 1st period - Ryan O'Reilly wins face-off versus Trevor Zegras in neutral zone.
1:09 of 1st period - Ryan O'Reilly is hit by Mark Giordano and loses puck.
1:10 of 1st period - Minor Penalty to Brett Pesce for High sticking.
1:11 of 1st period - Ryan O'Reilly wins face-off versus Charlie Coyle in Bruins zone.
2:02 of 1st period - Shot by Leon Draisaitl.
2:02 of 1st period - Shot Blocked by Brady Skjei.
2:04 of 1st period - Shot by Jaccob Slavin.
2:04 of 1st period - Stopped by Jake Allen without a rebound.
2:05 of 1st period - Charlie Coyle wins face-off versus Leon Draisaitl in Bruins zone.
2:38 of 1st period - Shot by Jaccob Slavin.
2:38 of 1st period - Shot Misses the Net.
3:24 of 1st period - Shot by Daniel Sprong.
3:24 of 1st period - Shot Misses the Net.
3:54 of 1st period - Icing by Nick Paul.
3:55 of 1st period - Brendan Gaunce wins face-off versus Nicolas Roy in Bruins zone.
4:56 of 1st period - Icing by Ryan Suter.
4:57 of 1st period - Brendan Gallagher wins face-off versus Zach Parise in Canadiens zone.
4:57 of 1st period - Brendan Gallagher is hit by Zach Parise.
5:12 of 1st period - Shot by Brady Skjei.
5:12 of 1st period - Shot Misses the Net.
5:41 of 1st period - Shot by Ryan O'Reilly.
5:41 of 1st period - Shot Blocked by Brady Skjei.
5:54 of 1st period - Icing by Ivan Provorov.
5:55 of 1st period - Ryan O'Reilly wins face-off versus Charlie Coyle in Canadiens zone.
6:20 of 1st period - Off-side.
6:21 of 1st period - Leon Draisaitl wins face-off versus Anze Kopitar in neutral zone.
6:21 of 1st period - Leon Draisaitl is hit by Yegor Sharangovich.
6:34 of 1st period - Shot by Anze Kopitar.
6:34 of 1st period - Stopped by Kaapo Kahkonen without a rebound.
6:35 of 1st period - Charlie Coyle wins face-off versus Lars Eller in Canadiens zone.
6:46 of 1st period - Shot by Lars Eller.
6:46 of 1st period - Shot Misses the Net.
6:58 of 1st period - Shot by Kailer Yamamoto.
6:58 of 1st period - Stopped by Kaapo Kahkonen without a rebound.
6:59 of 1st period - Trevor Zegras wins face-off versus Leon Draisaitl in Canadiens zone.
6:59 of 1st period - Brett Pesce is hit by Ivan Provorov and loses puck.
7:04 of 1st period - Shot by Trevor Zegras.
7:04 of 1st period - Stopped by Kaapo Kahkonen with a rebound.
7:09 of 1st period - Icing by Jaccob Slavin.
7:10 of 1st period - Bryan Rust wins face-off versus Leon Draisaitl in Canadiens zone.
7:10 of 1st period - Bryan Rust is hit by Ivan Provorov.
7:16 of 1st period - Shot by Bryan Rust.
7:16 of 1st period - Shot Blocked by Leon Draisaitl.
8:08 of 1st period - Off-side.
8:09 of 1st period - Lars Eller wins face-off versus Zach Parise in neutral zone.
8:48 of 1st period - Shot by Alex Iafallo.
8:48 of 1st period - Stopped by Kaapo Kahkonen without a rebound.
8:49 of 1st period - Charlie Coyle wins face-off versus Ryan O'Reilly in Canadiens zone.
8:49 of 1st period - Cam Fowler is hit by Alex Goligoski.
8:58 of 1st period - Ryan O'Reilly is hit by Brady Skjei and loses puck.
9:02 of 1st period - Icing by Brady Skjei.
9:03 of 1st period - Leon Draisaitl wins face-off versus Charlie Coyle in Bruins zone.
9:03 of 1st period - Ivan Provorov is hit by Brady Skjei and loses puck.
10:09 of 1st period - Icing by Adam Pelech.
10:10 of 1st period - Anze Kopitar wins face-off versus Ryan O'Reilly in Canadiens zone.
10:25 of 1st period - Shot by Valeri Nichushkin.
10:25 of 1st period - Shot Misses the Net.
10:27 of 1st period - Shot by Ryan O'Reilly.
10:27 of 1st period - Shot Misses the Net.
11:21 of 1st period - Shot by Alex Goligoski.
11:21 of 1st period - Shot Misses the Net.
11:23 of 1st period - Shot by Lars Eller.
11:23 of 1st period - Shot Misses the Net.
11:34 of 1st period - Bryan Rust is hit by Alexander Kerfoot and loses puck.
11:44 of 1st period - Shot by Lars Eller.
11:44 of 1st period - Stopped by Jake Allen with a rebound.
12:35 of 1st period - Shot by Trevor Zegras.
12:35 of 1st period - Stopped by Kaapo Kahkonen with a rebound.
12:40 of 1st period - Off-side.
12:41 of 1st period - Brendan Gaunce wins face-off versus Charlie Coyle in neutral zone.
12:50 of 1st period - Shot by Brendan Gaunce.
12:50 of 1st period - Shot Misses the Net.
13:21 of 1st period - Icing by Brett Pesce.
13:22 of 1st period - Kailer Yamamoto wins face-off versus Ryan O'Reilly in Bruins zone.
13:27 of 1st period - Shot by Ryan O'Reilly.
13:27 of 1st period - Goal by Ryan O'Reilly - Canadiens : 1 - Bruins : 0.
13:28 of 1st period - Trevor Zegras wins face-off versus Ryan O'Reilly in neutral zone.
13:28 of 1st period - Brady Skjei is hit by Valeri Nichushkin and loses puck.
13:52 of 1st period - Shot by Cam Fowler.
13:52 of 1st period - Shot Blocked by Ivan Provorov.
14:13 of 1st period - Icing by Cam Fowler.
14:14 of 1st period - Lars Eller wins face-off versus Trevor Zegras in Bruins zone.
14:22 of 1st period - Icing by Alex Iafallo.
14:23 of 1st period - Lars Eller wins face-off versus Trevor Zegras in Bruins zone.
14:23 of 1st period - Daniel Sprong is hit by Brady Skjei and loses puck.
14:31 of 1st period - Zach Parise is hit by Adam Pelech and loses puck.
15:08 of 1st period - Shot by Kailer Yamamoto.
15:08 of 1st period - Stopped by Kaapo Kahkonen with a rebound.
15:51 of 1st period - Jamie Oleksiak is hit by Lars Eller and loses puck.
16:17 of 1st period - Artturi Lehkonen is hit by Jamie Oleksiak and loses puck.
16:27 of 1st period - Teuvo Teravainen is hit by Jamie Oleksiak and loses puck.
16:39 of 1st period - Artturi Lehkonen is hit by Jamie Oleksiak and loses puck.
16:54 of 1st period - Shot by Ryan O'Reilly.
16:54 of 1st period - Shot Blocked by Jamie Oleksiak.
16:56 of 1st period - Shot by Valeri Nichushkin.
16:56 of 1st period - Shot Misses the Net.
16:58 of 1st period - Shot by Ryan O'Reilly.
16:58 of 1st period - Stopped by Jake Allen without a rebound.
16:59 of 1st period - Trevor Zegras wins face-off versus Brendan Gaunce in Bruins zone.
17:06 of 1st period - Shot by Brendan Gallagher.
17:06 of 1st period - Shot Misses the Net.
17:43 of 1st period - Shot by Brady Skjei.
17:43 of 1st period - Shot Misses the Net.
18:47 of 1st period - Icing by T.J. Brodie.
18:48 of 1st period - Ryan O'Reilly wins face-off versus Anze Kopitar in Bruins zone.
18:56 of 1st period - Off-side.
18:57 of 1st period - Trevor Zegras wins face-off versus Ryan O'Reilly in neutral zone.
19:01 of 1st period - Icing by Valeri Nichushkin.
19:02 of 1st period - Ryan O'Reilly wins face-off versus Trevor Zegras in Canadiens zone.
19:19 of 1st period - Shot by Filip Forsberg.
19:19 of 1st period - Shot Blocked by Zach Parise.
19:21 of 1st period - Shot by Ryan O'Reilly.
19:21 of 1st period - Deflect By Filip Forsberg.
19:21 of 1st period - Stopped by Jake Allen without a rebound.
19:22 of 1st period - Teuvo Teravainen wins face-off versus Charlie Coyle in Bruins zone.
19:23 of 1st period - Shot by Leon Draisaitl.
19:23 of 1st period - Shot Hit the Post.
19:28 of 1st period - Icing by Nick Paul.
19:29 of 1st period - Ryan O'Reilly wins face-off versus Charlie Coyle in Bruins zone.
19:32 of 1st period - Shot by Filip Forsberg.
19:32 of 1st period - Deflect By Valeri Nichushkin.
19:32 of 1st period - Stopped by Jake Allen without a rebound.
19:33 of 1st period - Ryan O'Reilly wins face-off versus Trevor Zegras in Bruins zone.
19:34 of 1st period - Shot by Filip Forsberg.
19:34 of 1st period - Shot Blocked by Zach Parise.
19:38 of 1st period - Shot by Filip Forsberg.
19:38 of 1st period - Stopped by Jake Allen without a rebound.
19:38 of 1st period - Minor Penalty to Brett Pesce for Slashing.
19:39 of 1st period - Ryan O'Reilly wins face-off versus Charlie Coyle in Bruins zone.
19:43 of 1st period - Minor Penalty to Mark Giordano for Roughing.
19:44 of 1st period - Charlie Coyle wins face-off versus Leon Draisaitl in Bruins zone.
Goals for this period are 1 for Canadiens vs 0 for Bruins.
Shots for this period are 7 for Canadiens vs 6 for Bruins.

2nd period


0:01 of 2nd period - Ryan O'Reilly wins face-off versus Charlie Coyle in neutral zone.
0:11 of 2nd period - Shot by Valeri Nichushkin.
0:11 of 2nd period - Stopped by Jake Allen without a rebound.
0:12 of 2nd period - Leon Draisaitl wins face-off versus Charlie Coyle in Bruins zone.
0:26 of 2nd period - Icing by Artturi Lehkonen.
0:27 of 2nd period - Charlie Coyle wins face-off versus Leon Draisaitl in Canadiens zone.
0:36 of 2nd period - Shot by Ivan Provorov.
0:36 of 2nd period - Goal by Ivan Provorov - Canadiens : 2 - Bruins : 0.
0:37 of 2nd period - Charlie Coyle wins face-off versus Ryan O'Reilly in neutral zone.
0:46 of 2nd period - Shot by Valeri Nichushkin.
0:46 of 2nd period - Shot Misses the Net.
0:48 of 2nd period - Shot by Ryan O'Reilly.
0:48 of 2nd period - Shot Misses the Net.
0:50 of 2nd period - Shot by Valeri Nichushkin.
0:50 of 2nd period - Stopped by Jake Allen with a rebound.
0:52 of 2nd period - Shot by Alex Goligoski.
0:52 of 2nd period - Shot Misses the Net.
0:54 of 2nd period - Shot by Ryan O'Reilly.
0:54 of 2nd period - Shot Blocked by Brett Pesce.
0:56 of 2nd period - Shot by Filip Forsberg.
0:56 of 2nd period - Shot Misses the Net.
1:43 of 2nd period - Teuvo Teravainen is hit by Cam Fowler and loses puck.
1:54 of 2nd period - Icing by Alexander Kerfoot.
1:55 of 2nd period - Lars Eller wins face-off versus Nicolas Roy in Canadiens zone.
1:55 of 2nd period - Lars Eller is hit by Nick Paul.
2:00 of 2nd period - Jaccob Slavin is hit by Tyler Bertuzzi and loses puck.
2:59 of 2nd period - Icing by Lars Eller.
3:00 of 2nd period - Alexander Kerfoot wins face-off versus Trevor Zegras in Canadiens zone.
3:27 of 2nd period - Shot by Zach Parise.
3:27 of 2nd period - Shot Hit the Post.
3:29 of 2nd period - Shot by Zach Parise.
3:29 of 2nd period - Shot Misses the Net.
3:31 of 2nd period - Shot by Zach Parise.
3:31 of 2nd period - Stopped by Kaapo Kahkonen without a rebound.
3:32 of 2nd period - Anze Kopitar wins face-off versus Ryan O'Reilly in Canadiens zone.
3:35 of 2nd period - Shot by Yegor Sharangovich.
3:35 of 2nd period - Deflect By Anze Kopitar.
3:35 of 2nd period - Shot Misses the Net.
3:37 of 2nd period - Shot by Brett Pesce.
3:37 of 2nd period - Shot Blocked by Trevor van Riemsdyk.
3:45 of 2nd period - Shot by Bryan Rust.
3:45 of 2nd period - Stopped by Kaapo Kahkonen without a rebound.
3:46 of 2nd period - Leon Draisaitl wins face-off versus Kailer Yamamoto in Canadiens zone.
4:28 of 2nd period - Shot by Teuvo Teravainen.
4:28 of 2nd period - Stopped by Jake Allen without a rebound.
4:29 of 2nd period - Trevor Zegras wins face-off versus Ryan O'Reilly in Bruins zone.
6:01 of 2nd period - Jaccob Slavin is hit by Jamie Oleksiak and loses puck.
6:40 of 2nd period - Leon Draisaitl is hit by Jamie Oleksiak and loses puck.
6:53 of 2nd period - Shot by Teuvo Teravainen.
6:53 of 2nd period - Stopped by Jake Allen without a rebound.
6:54 of 2nd period - Ryan O'Reilly wins face-off versus Charlie Coyle in Bruins zone.
6:56 of 2nd period - Filip Forsberg is hit by Brady Skjei and loses puck.
7:09 of 2nd period - Shot by Filip Forsberg.
7:09 of 2nd period - Shot Blocked by Charlie Coyle.
7:11 of 2nd period - Shot by Valeri Nichushkin.
7:11 of 2nd period - Shot Misses the Net.
7:13 of 2nd period - Shot by Ryan O'Reilly.
7:13 of 2nd period - Stopped by Jake Allen without a rebound.
7:14 of 2nd period - Brendan Gaunce wins face-off versus Trevor Zegras in Bruins zone.
7:20 of 2nd period - Icing by Brett Pesce.
7:21 of 2nd period - Ryan O'Reilly wins face-off versus Zach Parise in Bruins zone.
8:55 of 2nd period - Shot by Charlie Coyle.
8:55 of 2nd period - Shot Blocked by Adam Pelech.
8:57 of 2nd period - Shot by Nick Paul.
8:57 of 2nd period - Stopped by Kaapo Kahkonen without a rebound.
8:58 of 2nd period - Lars Eller wins face-off versus Anze Kopitar in Canadiens zone.
9:40 of 2nd period - Daniel Sprong is hit by Jamie Oleksiak and loses puck.
9:51 of 2nd period - Yegor Sharangovich is hit by Anthony Mantha and loses puck.
10:16 of 2nd period - Shot by Jaccob Slavin.
10:16 of 2nd period - Shot Blocked by Anze Kopitar.
10:18 of 2nd period - Shot by Jaccob Slavin.
10:18 of 2nd period - Stopped by Jake Allen without a rebound.
10:19 of 2nd period - Charlie Coyle wins face-off versus Valeri Nichushkin in Bruins zone.
10:19 of 2nd period - Kailer Yamamoto is hit by Filip Forsberg and loses puck.
10:28 of 2nd period - Shot by Filip Forsberg.
10:28 of 2nd period - Goal by Filip Forsberg - Canadiens : 3 - Bruins : 0.
10:29 of 2nd period - Teuvo Teravainen wins face-off versus Trevor Zegras in neutral zone.
10:49 of 2nd period - Icing by Zach Parise.
10:50 of 2nd period - Ryan O'Reilly wins face-off versus Trevor Zegras in Bruins zone.
10:56 of 2nd period - Icing by Brady Skjei.
10:57 of 2nd period - Ryan O'Reilly wins face-off versus Trevor Zegras in Bruins zone.
11:15 of 2nd period - Trevor Zegras is hit by Adam Pelech.
11:23 of 2nd period - Shot by Brady Skjei.
11:23 of 2nd period - Shot Misses the Net.
11:25 of 2nd period - Shot by Trevor Zegras.
11:25 of 2nd period - Shot Misses the Net.
11:33 of 2nd period - Shot by Alex Iafallo.
11:33 of 2nd period - Deflect By Trevor Zegras.
11:33 of 2nd period - Shot Blocked by Adam Pelech.
11:33 of 2nd period - Adam Pelech from Canadiens is injured at 11:33 of 2nd period (Left Hand).
11:34 of 2nd period - Leon Draisaitl wins face-off versus Charlie Coyle in Canadiens zone.
12:08 of 2nd period - Shot by Leon Draisaitl.
12:08 of 2nd period - Shot Blocked by Brett Pesce.
12:42 of 2nd period - Icing by Mark Giordano.
12:43 of 2nd period - Ryan O'Reilly wins face-off versus Charlie Coyle in Bruins zone.
13:23 of 2nd period - Icing by Cam Fowler.
13:24 of 2nd period - Lars Eller wins face-off versus Anze Kopitar in Bruins zone.
13:35 of 2nd period - Shot by Anze Kopitar.
13:35 of 2nd period - Stopped by Kaapo Kahkonen without a rebound.
13:36 of 2nd period - Brendan Gaunce wins face-off versus Trevor Zegras in Canadiens zone.
13:36 of 2nd period - Brendan Gaunce is hit by Trevor Zegras.
13:54 of 2nd period - Shot by Trevor Zegras.
13:54 of 2nd period - Shot Misses the Net.
14:16 of 2nd period - Ivan Provorov is hit by Trevor Zegras and loses puck.
14:17 of 2nd period - Ivan Provorov from Canadiens is injured at 14:17 of 2nd period (Sprained Right Finger).
14:18 of 2nd period - Ryan O'Reilly wins face-off versus Anze Kopitar in Canadiens zone.
14:33 of 2nd period - Ryan O'Reilly is hit by Anze Kopitar and loses puck.
14:39 of 2nd period - Anze Kopitar is hit by Alex Goligoski and loses puck.
14:58 of 2nd period - Shot by Anze Kopitar.
14:58 of 2nd period - Goal by Anze Kopitar - Canadiens : 3 - Bruins : 1.
14:59 of 2nd period - Leon Draisaitl wins face-off versus Kailer Yamamoto in neutral zone.
15:23 of 2nd period - Charlie Coyle is hit by Jaccob Slavin and loses puck.
16:03 of 2nd period - Icing by Trevor Zegras.
16:04 of 2nd period - Zach Parise wins face-off versus Filip Forsberg in Bruins zone.
16:04 of 2nd period - Zach Parise is hit by Filip Forsberg.
16:10 of 2nd period - Dmitry Kulikov is hit by Filip Forsberg and loses puck.
16:35 of 2nd period - Shot by Trevor Zegras.
16:35 of 2nd period - Stopped by Kaapo Kahkonen without a rebound.
16:36 of 2nd period - Anze Kopitar wins face-off versus Lars Eller in Canadiens zone.
16:55 of 2nd period - Shot by Brady Skjei.
16:55 of 2nd period - Stopped by Kaapo Kahkonen without a rebound.
16:56 of 2nd period - Leon Draisaitl wins face-off versus Nicolas Roy in Canadiens zone.
17:11 of 2nd period - Shot by Leon Draisaitl.
17:11 of 2nd period - Deflect By Teuvo Teravainen.
17:11 of 2nd period - Stopped by Jake Allen without a rebound.
17:12 of 2nd period - Anze Kopitar wins face-off versus Ryan O'Reilly in Bruins zone.
17:12 of 2nd period - Anze Kopitar is hit by Filip Forsberg.
17:32 of 2nd period - Icing by Anze Kopitar.
17:33 of 2nd period - Teuvo Teravainen wins face-off versus Anze Kopitar in Bruins zone.
17:33 of 2nd period - Teuvo Teravainen is hit by Brady Skjei.
17:49 of 2nd period - Shot by Bryan Rust.
17:49 of 2nd period - Shot Misses the Net.
17:51 of 2nd period - Shot by Yegor Sharangovich.
17:51 of 2nd period - Shot Blocked by Ryan Suter.
18:04 of 2nd period - Shot by Yegor Sharangovich.
18:04 of 2nd period - Deflect By Bryan Rust.
18:04 of 2nd period - Stopped by Kaapo Kahkonen with a rebound.
Goals for this period are 2 for Canadiens vs 1 for Bruins.
Shots for this period are 9 for Canadiens vs 8 for Bruins.

3rd period


0:01 of 3rd period - Anze Kopitar wins face-off versus Ryan O'Reilly in neutral zone.
0:17 of 3rd period - Icing by Cam Fowler.
0:18 of 3rd period - Anze Kopitar wins face-off versus Lars Eller in Bruins zone.
0:29 of 3rd period - Lars Eller is hit by Bryan Rust and loses puck.
0:40 of 3rd period - Shot by Anze Kopitar.
0:40 of 3rd period - Shot Blocked by Jaccob Slavin.
2:10 of 3rd period - Shot by Nick Paul.
2:10 of 3rd period - Shot Misses the Net.
4:11 of 3rd period - Shot by Filip Forsberg.
4:11 of 3rd period - Stopped by Jake Allen with a rebound.
4:13 of 3rd period - Shot by Alex Goligoski.
4:13 of 3rd period - Shot Blocked by Brett Pesce.
4:21 of 3rd period - Shot by Filip Forsberg.
4:21 of 3rd period - Shot Misses the Net.
4:23 of 3rd period - Shot by Alex Goligoski.
4:23 of 3rd period - Shot Misses the Net.
4:31 of 3rd period - Shot by Ryan O'Reilly.
4:31 of 3rd period - Shot Blocked by Brett Pesce.
4:33 of 3rd period - Shot by Alex Goligoski.
4:33 of 3rd period - Stopped by Jake Allen without a rebound.
4:34 of 3rd period - Lars Eller wins face-off versus Trevor Zegras in Bruins zone.
5:09 of 3rd period - Shot by Zach Parise.
5:09 of 3rd period - Stopped by Kaapo Kahkonen with a rebound.
5:11 of 3rd period - Shot by Alex Iafallo.
5:11 of 3rd period - Stopped by Kaapo Kahkonen with a rebound.
5:13 of 3rd period - Shot by Zach Parise.
5:13 of 3rd period - Shot Blocked by Alex Goligoski.
5:18 of 3rd period - Alex Iafallo is hit by Trevor van Riemsdyk and loses puck.
5:52 of 3rd period - Minor Penalty to Alex Goligoski for Tripping.
5:53 of 3rd period - Nicolas Roy wins face-off versus Ryan O'Reilly in Canadiens zone.
5:54 of 3rd period - Shot by Brady Skjei.
5:54 of 3rd period - Stopped by Kaapo Kahkonen without a rebound.
5:55 of 3rd period - Ryan O'Reilly wins face-off versus Anze Kopitar in Canadiens zone.
6:09 of 3rd period - Bryan Rust is hit by Ryan O'Reilly and loses puck.
6:29 of 3rd period - Shot by Brady Skjei.
6:29 of 3rd period - Shot Misses the Net.
6:31 of 3rd period - Shot by Anze Kopitar.
6:31 of 3rd period - Stopped by Kaapo Kahkonen without a rebound.
6:32 of 3rd period - Alexander Kerfoot wins face-off versus Nicolas Roy in Canadiens zone.
7:13 of 3rd period - Shot by Brett Pesce.
7:13 of 3rd period - Shot Blocked by Anthony Mantha.
7:27 of 3rd period - Brady Skjei is hit by Brendan Gaunce and loses puck.
7:52 of 3rd period - Shot by Anze Kopitar.
7:52 of 3rd period - Stopped by Kaapo Kahkonen without a rebound.
7:53 of 3rd period - Lars Eller wins face-off versus Charlie Coyle in Canadiens zone.
7:53 of 3rd period - Lars Eller is hit by Nick Paul.
8:00 of 3rd period - Icing by Alex Goligoski.
8:01 of 3rd period - Nicolas Roy wins face-off versus Alexander Kerfoot in Canadiens zone.
8:58 of 3rd period - Shot by Ryan O'Reilly.
8:58 of 3rd period - Stopped by Jake Allen without a rebound.
8:59 of 3rd period - Brendan Gaunce wins face-off versus Bryan Rust in Bruins zone.
11:05 of 3rd period - Shot by Nick Paul.
11:05 of 3rd period - Shot Misses the Net.
11:07 of 3rd period - Shot by Nick Paul.
11:07 of 3rd period - Stopped by Kaapo Kahkonen without a rebound.
11:08 of 3rd period - Lars Eller wins face-off versus Anze Kopitar in Canadiens zone.
11:08 of 3rd period - Alexander Kerfoot is hit by Anze Kopitar and loses puck.
11:15 of 3rd period - Shot by Bryan Rust.
11:15 of 3rd period - Stopped by Kaapo Kahkonen without a rebound.
11:16 of 3rd period - Leon Draisaitl wins face-off versus Anze Kopitar in Canadiens zone.
11:16 of 3rd period - Leon Draisaitl is hit by Bryan Rust.
11:17 of 3rd period - Minor Penalty to Anze Kopitar for Roughing.
11:18 of 3rd period - Charlie Coyle wins face-off versus Artturi Lehkonen in Bruins zone.
12:11 of 3rd period - Shot by Ryan O'Reilly.
12:11 of 3rd period - Shot Blocked by Alex Iafallo.
12:13 of 3rd period - Shot by Filip Forsberg.
12:13 of 3rd period - Shot Misses the Net.
12:41 of 3rd period - Mark Giordano is hit by Teuvo Teravainen and loses puck.
12:52 of 3rd period - Shot by Alexander Kerfoot.
12:52 of 3rd period - Shot Misses the Net.
13:42 of 3rd period - Shot by Trevor Zegras.
13:42 of 3rd period - Goal by Trevor Zegras - Canadiens : 3 - Bruins : 2.
13:43 of 3rd period - Anze Kopitar wins face-off versus Lars Eller in neutral zone.
13:50 of 3rd period - Shot by Bryan Rust.
13:50 of 3rd period - Shot Misses the Net.
14:00 of 3rd period - Shot by Bryan Rust.
14:00 of 3rd period - Deflect By Yegor Sharangovich.
14:00 of 3rd period - Stopped by Kaapo Kahkonen without a rebound.
14:01 of 3rd period - Trevor Zegras wins face-off versus Brendan Gaunce in Canadiens zone.
14:04 of 3rd period - Shot by Trevor Zegras.
14:04 of 3rd period - Shot Misses the Net.
14:06 of 3rd period - Shot by Alex Iafallo.
14:06 of 3rd period - Stopped by Kaapo Kahkonen with a rebound.
14:25 of 3rd period - Trevor Zegras is hit by Jaccob Slavin and loses puck.
14:51 of 3rd period - Icing by Alex Goligoski.
14:52 of 3rd period - Charlie Coyle wins face-off versus Brendan Gaunce in Canadiens zone.
15:00 of 3rd period - Kailer Yamamoto is hit by Alex Goligoski and loses puck.
15:25 of 3rd period - Shot by Kailer Yamamoto.
15:25 of 3rd period - Shot Misses the Net.
15:27 of 3rd period - Shot by Brett Pesce.
15:27 of 3rd period - Shot Misses the Net.
15:31 of 3rd period - Shot by Nick Paul.
15:31 of 3rd period - Stopped by Kaapo Kahkonen without a rebound.
15:32 of 3rd period - Leon Draisaitl wins face-off versus Anze Kopitar in Canadiens zone.
16:08 of 3rd period - Anze Kopitar is hit by Leon Draisaitl and loses puck.
16:16 of 3rd period - Icing by Ryan Suter.
16:17 of 3rd period - Alex Iafallo wins face-off versus Leon Draisaitl in Canadiens zone.
16:59 of 3rd period - Shot by Zach Parise.
16:59 of 3rd period - Stopped by Kaapo Kahkonen with a rebound.
17:19 of 3rd period - Icing by Nick Paul.
17:20 of 3rd period - Lars Eller wins face-off versus Kailer Yamamoto in Bruins zone.
18:21 of 3rd period - Shot by Brendan Gallagher.
18:21 of 3rd period - Deflect By Anthony Mantha.
18:21 of 3rd period - Shot Blocked by T.J. Brodie.
19:01 of 3rd period - Icing by Alex Goligoski.
19:02 of 3rd period - Brendan Gaunce wins face-off versus Trevor Zegras in Canadiens zone.
19:30 of 3rd period - Icing by Trevor van Riemsdyk.
19:31 of 3rd period - Ryan O'Reilly wins face-off versus Trevor Zegras in Canadiens zone.
Goals for this period are 0 for Canadiens vs 1 for Bruins.
Shots for this period are 3 for Canadiens vs 12 for Bruins.